SAAA
AUGUSTA TIMBER HAWKS @ PURE MICHIGAN GREAT LAKERS
08/30/2024
 
TOP OF THE 1ST
Augusta Timber Hawks batting - Pitching for Pure Michigan Great Lakers : LHP Jim Unknown
Pitching: LHP Jim Unknown
Batting: SHB Manuel González 0-0: Called Strike
0-1: Foul Ball, location: 2F
0-2: Foul Ball, location: 2F
0-2: Ball
1-2: Ball
2-2: Foul Ball, location: 2F
2-2: Strikes out looking
Batting: RHB Ralph McKnight 0-0: Called Strike
0-1: Swinging Strike
0-2: Ball
1-2: Foul Ball, location: 2F
1-2: Foul Ball, location: 2F
1-2: Ball
2-2: Ball
3-2: Ground out 6-3 (Groundball, 6)
Batting: RHB Luis Tapia 0-0: Called Strike
0-1: Ball
1-1: Ball
2-1: SINGLE (Groundball, 56D)
Batting: RHB Bob Sargent 0-0: Ball
1-0: Ball
2-0: Called Strike
2-1: Ground out 5-3 (Groundball, 5S)
Top of the 1st over - 0 run(s), 1 hit(s), 0 error(s), 1 left on base; Augusta 0 - Pure Michigan 0
BOTTOM OF THE 1ST
Pure Michigan Great Lakers batting - Pitching for Augusta Timber Hawks : RHP Iván Castillo
Pitching: RHP Iván Castillo
Batting: SHB Valentín Guzmán 0-0: Ball
1-0: Fly out, F6 (Popup, 6MD)
Batting: RHB Jeffery Campbell 0-0: Ball
1-0: Fly out, F7 (Flyball, 7S)
Batting: LHB Mario Cruz 0-0: Ball
1-0: Fly out, F8 (Flyball, 8LD)
Bottom of the 1st over - 0 run(s), 0 hit(s), 0 error(s), 0 left on base; Augusta 0 - Pure Michigan 0
TOP OF THE 2ND
Augusta Timber Hawks batting - Pitching for Pure Michigan Great Lakers : LHP Jim Unknown
Batting: RHB Hiwahikeiki Noelani 0-0: Fly out, F9 (Line Drive, 89S)
Batting: LHB Juan Gabriel 0-0: Ball
1-0: Swinging Strike
1-1: Foul Ball, location: 2F
1-2: Ball
2-2: Foul Ball, location: 2F
2-2: Ball
3-2: Base on Balls
Batting: RHB Danny Penn 0-0: Foul Ball, location: 2F
0-1: Fly out, F7 (Flyball, 7D)
Batting: LHB Gustavo Vázquez 0-0: Ball
1-0: Called Strike
1-1: Ground out 4-3 (Groundball, 4)
Top of the 2nd over - 0 run(s), 0 hit(s), 0 error(s), 1 left on base; Augusta 0 - Pure Michigan 0
BOTTOM OF THE 2ND
Pure Michigan Great Lakers batting - Pitching for Augusta Timber Hawks : RHP Iván Castillo
Batting: RHB Ron Ward 0-0: Called Strike
0-1: Foul Ball, location: 2F
0-2: Ball
1-2: Foul Ball, location: 2F
1-2: Strikes out swinging
Batting: LHB Andrés Chávez 0-0: Fly out, F9 (Line Drive, 89S)
Batting: RHB Ulbert Sutkamp 0-0: Ground out 1-3 (Groundball, 15)
Bottom of the 2nd over - 0 run(s), 0 hit(s), 0 error(s), 0 left on base; Augusta 0 - Pure Michigan 0
TOP OF THE 3RD
Augusta Timber Hawks batting - Pitching for Pure Michigan Great Lakers : LHP Jim Unknown
Batting: RHB Derrek Conklin 0-0: Foul Ball, location: 2F
0-1: Called Strike
0-2: Ball
1-2: Ground out 6-3 (Groundball, 6M)
Batting: SHB Manuel González 0-0: Ground out 5-3 (Groundball, 56)
Batting: RHB Ralph McKnight 0-0: Ball
1-0: Ball
2-0: Foul Ball, location: 2F
2-1: Ball
3-1: Called Strike
3-2: Foul Ball, location: 2F
3-2: Foul Ball, location: 2F
3-2: Fly out, F4 (Line Drive, 4)
Top of the 3rd over - 0 run(s), 0 hit(s), 0 error(s), 0 left on base; Augusta 0 - Pure Michigan 0
BOTTOM OF THE 3RD
Pure Michigan Great Lakers batting - Pitching for Augusta Timber Hawks : RHP Iván Castillo
Batting: RHB Javier Rivera 0-0: Ball
1-0: Ball
2-0: Foul Ball, location: 2F
2-1: Foul Ball, location: 2F
2-2: SINGLE (Line Drive, 56)
Batting: RHB Zong-yuan Fung 0-0: Swinging Strike
0-1: Ball
1-1: Swinging Strike
1-2: Foul Ball, location: 2F
1-2: Ball
2-2: Ball
3-2: Strikes out looking
Batting: SHB Mike Barton 0-0: Ball
1-0: Foul Ball, location: 2F
1-1: Ball
Wild Pitch!
Javier Rivera to second
2-1: Ball
3-1: Foul Ball, location: 2F
3-2: Base on Balls
Batting: SHB Valentín Guzmán 0-0: Foul Ball, location: 2F
0-1: Swinging Strike
0-2: Foul Ball, location: 2F
0-2: Hit by Pitch
Javier Rivera to third
Mike Barton to second
Batting: RHB Jeffery Campbell 0-0: Ball
1-0: Ball
2-0: Ball
3-0: Called Strike
3-1: Base on Balls
Javier Rivera scores
Mike Barton to third
Valentín Guzmán to second
Batting: LHB Mario Cruz 0-0: Called Strike
0-1: Ball
1-1: Ball
2-1: Foul Ball, location: 2F
2-2: Fly out, F8 (Flyball, 8LM)
Batting: RHB Ron Ward 0-0: Ball
1-0: Swinging Strike
1-1: Fly out, F7 (Flyball, 7M)
Bottom of the 3rd over - 1 run(s), 1 hit(s), 0 error(s), 3 left on base; Augusta 0 - Pure Michigan 1
TOP OF THE 4TH
Augusta Timber Hawks batting - Pitching for Pure Michigan Great Lakers : LHP Jim Unknown
Batting: RHB Luis Tapia 0-0: Fly out, F7 (Flyball, 78S)
Batting: RHB Bob Sargent 0-0: Ball
1-0: Fly out, F3 (Popup, 23F)
Batting: RHB Hiwahikeiki Noelani 0-0: SINGLE (Line Drive, 89S)
Batting: LHB Juan Gabriel Pickoff Throw to First - Out!
Top of the 4th over - 0 run(s), 1 hit(s), 0 error(s), 0 left on base; Augusta 0 - Pure Michigan 1
BOTTOM OF THE 4TH
Pure Michigan Great Lakers batting - Pitching for Augusta Timber Hawks : RHP Iván Castillo
Batting: LHB Andrés Chávez 0-0: Ball
1-0: Foul Ball, location: 2F
1-1: Ball
2-1: Ball
3-1: Foul Ball, location: 2F
3-2: Fly out, F5 (Popup, 56S)
Batting: RHB Ulbert Sutkamp 0-0: Ball
1-0: SINGLE (Groundball, 6MD)
Batting: RHB Javier Rivera 0-0: Ball
1-0: Ball
2-0: Ball
3-0: Called Strike
3-1: Foul Ball, location: 2F
3-2: Strikes out swinging
Batting: RHB Zong-yuan Fung 0-0: Ball
1-0: Fly out, F9 (Flyball, 9S)
Bottom of the 4th over - 0 run(s), 1 hit(s), 0 error(s), 1 left on base; Augusta 0 - Pure Michigan 1
TOP OF THE 5TH
Augusta Timber Hawks batting - Pitching for Pure Michigan Great Lakers : LHP Jim Unknown
Batting: LHB Juan Gabriel 0-0: Ball
1-0: Ball
2-0: Fly out, F8 (Flyball, 8LM)
Batting: RHB Danny Penn 0-0: Called Strike
0-1: Ball
1-1: Ball
2-1: Ball
3-1: Base on Balls
Batting: LHB Gustavo Vázquez 0-0: Called Strike
0-1: Ball
1-1: Ball
2-1: Foul Ball, location: 2F
2-2: Ball
3-2: Base on Balls
Danny Penn to second
Batting: RHB Derrek Conklin 0-0: Ball
1-0: Ball
2-0: Ball
3-0: Base on Balls
Danny Penn to third
Gustavo Vázquez to second
Batting: SHB Manuel González 0-0: Ball
1-0: Foul Ball, location: 2F
1-1: Ground out 5-3 (Groundball, 5S)
Danny Penn scores
Gustavo Vázquez to third
Derrek Conklin to second
Batting: RHB Ralph McKnight 0-0: Foul Ball, location: 2F
0-1: Foul Ball, location: 2F
0-2: Foul Ball, location: 2F
0-2: Foul Ball, location: 2F
0-2: Ball
1-2: Ball
2-2: Strikes out swinging
Top of the 5th over - 1 run(s), 0 hit(s), 0 error(s), 2 left on base; Augusta 1 - Pure Michigan 1
BOTTOM OF THE 5TH
Pure Michigan Great Lakers batting - Pitching for Augusta Timber Hawks : RHP Iván Castillo
Batting: SHB Mike Barton 0-0: Called Strike
0-1: Ground out U3 (Groundball, 3S)
Batting: SHB Valentín Guzmán 0-0: SINGLE (Line Drive, 9S)
Batting: RHB Jeffery Campbell 0-0: Ball
1-0: Grounds into double play, 6-4-3 (Groundball, 6)
Bottom of the 5th over - 0 run(s), 1 hit(s), 0 error(s), 0 left on base; Augusta 1 - Pure Michigan 1
TOP OF THE 6TH
Augusta Timber Hawks batting - Pitching for Pure Michigan Great Lakers : LHP Jim Unknown
Batting: RHB Luis Tapia 0-0: Hit by Pitch
Batting: RHB Bob Sargent 0-0: Grounds into double play, 6-4-3 (Groundball, 6)
Batting: RHB Hiwahikeiki Noelani 0-0: Ball
1-0: Foul Ball, location: 2F
1-1: Swinging Strike
1-2: Foul Ball, location: 2F
1-2: Ground out 5-3 (Groundball, 5)
Top of the 6th over - 0 run(s), 0 hit(s), 0 error(s), 0 left on base; Augusta 1 - Pure Michigan 1
BOTTOM OF THE 6TH
Pure Michigan Great Lakers batting - Pitching for Augusta Timber Hawks : RHP Iván Castillo
Batting: LHB Mario Cruz 0-0: Ball
1-0: Foul Ball, location: 2F
1-1: Ball
2-1: Ball
3-1: Fly out, F5 (Popup, 25)
Batting: RHB Ron Ward 0-0: Foul Ball, location: 2F
0-1: Swinging Strike
0-2: Foul Ball, location: 2F
0-2: Foul Ball, location: 2F
0-2: Foul Ball, location: 2F
0-2: Ball
1-2: SOLO HOME RUN (Flyball, 7LD), Distance : 367 ft
Batting: LHB Andrés Chávez 0-0: Ball
1-0: Swinging Strike
1-1: Foul Ball, location: 2F
1-2: Ball
2-2: Ball
3-2: Strikes out swinging
Batting: RHB Ulbert Sutkamp 0-0: Ball
1-0: Called Strike
1-1: Swinging Strike
1-2: Ground out 6-3 (Groundball, 6)
Bottom of the 6th over - 1 run(s), 1 hit(s), 0 error(s), 0 left on base; Augusta 1 - Pure Michigan 2
TOP OF THE 7TH
Augusta Timber Hawks batting - Pitching for Pure Michigan Great Lakers : LHP Jim Unknown
Batting: LHB Juan Gabriel 0-0: Ball
1-0: Foul Ball, location: 2F
1-1: Swinging Strike
1-2: Foul Ball, location: 2F
1-2: Ball
2-2: Ball
3-2: Fly out, F8 (Flyball, 8RD)
Batting: RHB Danny Penn 0-0: Called Strike
0-1: Swinging Strike
0-2: Ball
1-2: Foul Ball, location: 2F
1-2: Ground out 6-3 (Groundball, 6)
Batting: LHB Gustavo Vázquez 0-0: Called Strike
0-1: Called Strike
0-2: Strikes out swinging
Top of the 7th over - 0 run(s), 0 hit(s), 0 error(s), 0 left on base; Augusta 1 - Pure Michigan 2
BOTTOM OF THE 7TH
Pure Michigan Great Lakers batting - Pitching for Augusta Timber Hawks : RHP Iván Castillo
Batting: RHB Javier Rivera 0-0: Ball
1-0: Ball
2-0: Foul Ball, location: 2F
2-1: Fly out, F9 (Flyball, 89D)
Batting: RHB Zong-yuan Fung 0-0: Ball
1-0: Called Strike
1-1: Hit by Pitch
Batting: SHB Mike Barton 0-0: Ball
1-0: Called Strike
1-1: Foul Ball, location: 2F
1-2: Grounds into double play, 4-6-3 (Groundball, 4)
Bottom of the 7th over - 0 run(s), 0 hit(s), 0 error(s), 0 left on base; Augusta 1 - Pure Michigan 2
TOP OF THE 8TH
Augusta Timber Hawks batting - Pitching for Pure Michigan Great Lakers : LHP Jim Unknown
Pitching: RHP Jim Unknown
Batting: RHB Derrek Conklin 0-0: Ball
1-0: Ball
2-0: Called Strike
2-1: Ball
3-1: Base on Balls
Batting: SHB Manuel González 0-0: Ball
1-0: Bunt - Flyout! F1
Batting: RHB Ralph McKnight 0-0: Called Strike
0-1: Ball
1-1: DOUBLE (Line Drive, 7LM)
Derrek Conklin to third
Runner from 3rd tries for Home, SAFE, no throw or cutoff
Batting: RHB Luis Tapia 0-0: Called Strike
0-1: Ground out 1-3 (Groundball, 15)
Batting: RHB Bob Sargent 0-0: Foul Ball, location: 2F
0-1: Ball
1-1: Foul Ball, location: 2F
1-2: Ball
2-2: Ball
3-2: Strikes out swinging
Top of the 8th over - 1 run(s), 1 hit(s), 0 error(s), 1 left on base; Augusta 2 - Pure Michigan 2
BOTTOM OF THE 8TH
Pure Michigan Great Lakers batting - Pitching for Augusta Timber Hawks : RHP Iván Castillo
Pitching: RHP Cristiano Marron
Batting: SHB Valentín Guzmán 0-0: SINGLE (Groundball, 34D)
Batting: RHB Jeffery Campbell 0-0: Ball
1-0: Sac Bunt - play at first, batter OUT! 1-4
Valentín Guzmán to second
Batting: LHB Mario Cruz 0-0: Intentional Walk
Batting: RHB Ron Ward 0-0: Ball
1-0: Called Strike
1-1: Ball
2-1: Ball
3-1: DOUBLE (Line Drive, 89S)
Valentín Guzmán scores
Mario Cruz to third
Batting: LHB Andrés Chávez 0-0: Intentional Walk
Batting: RHB Ulbert Sutkamp 0-0: Ball
1-0: Foul Ball, location: 2F
1-1: GRAND SLAM HOME RUN (Flyball, 78XD), Distance : 416 ft
Pitching: RHP Norm Burris
Batting: RHB Javier Rivera 0-0: Ball
1-0: Called Strike
1-1: Ball
2-1: Ball
3-1: Foul Ball, location: 2F
3-2: Ground out 6-3 (Groundball, 6M)
Batting: RHB Zong-yuan Fung 0-0: Ground out 6-3 (Groundball, 6)
Bottom of the 8th over - 5 run(s), 3 hit(s), 0 error(s), 0 left on base; Augusta 2 - Pure Michigan 7
TOP OF THE 9TH
Augusta Timber Hawks batting - Pitching for Pure Michigan Great Lakers : RHP Jim Unknown
Now at 2B: Bartolo Benítez
Batting: RHB Hiwahikeiki Noelani 0-0: Foul Ball, location: 2F
0-1: Ball
1-1: Ball
2-1: Swinging Strike
2-2: Foul Ball, location: 2F
2-2: Ground out 5-3 (Groundball, 5L)
Batting: LHB Juan Gabriel 0-0: Fly out, F8 (Flyball, 78M)
Batting: RHB Danny Penn 0-0: Ball
1-0: Ball
2-0: Called Strike
2-1: Ground out 1-3 (Groundball, 13)
Top of the 9th over - 0 run(s), 0 hit(s), 0 error(s), 0 left on base; Augusta 2 - Pure Michigan 7
This league is powered by Out of the Park Baseball, the baseball management simulation game for PC, Mac and Linux
Monday, October 3rd, 2016 - OOTP Baseball 16.9 Build 39